 Dungeon Crawl Stone Soup version 0.23-a0-446-g036aa52 (webtiles) character file.

131 Dfrag the Firebug (level 4, 25/30 HPs)
             Began as a Demonspawn Fire Elementalist on Nov 18, 2018.
             Quit the game on level 2 of the Dungeon.
             The game lasted 00:02:44 (940 turns).

Dfrag the Firebug (Demonspawn Fire Elementalist)     Turns: 940, Time: 00:02:45

Health: 25/30      AC:  2    Str:  9    XL:     4   Next: 91%
Magic:  2/8        EV: 12    Int: 17    God:
Gold:   125        SH:  0    Dex: 13    Spells: 1/9 levels left

rFire    . . .     SeeInvis .   g - +1 dagger (protect)
rCold    + . .     Gourm    .   (no shield)
rNeg     . . .     Faith    .   a - +0 robe
rPois    .         Spirit   .   (no helmet)
rElec    .         Reflect  .   (no cloak)
rCorr    .         Harm     .   (no gloves)
MR       .....                  (no boots)
Stlth    ++........             (no amulet)
HPRegen  0.10/turn              (no ring)
MPRegen  0.11/turn              (no ring)

@: mildly poisoned (25 -> 21)
A: cold resistance 1, sanguine armour 1
a: no special abilities


You were on level 2 of the Dungeon.
You were not hungry.

You visited 1 branch of the dungeon, and saw 2 of its levels.

You collected 125 gold pieces.

Inventory:

Hand Weapons
 g - a +1 dagger of protection (weapon)
Armour
 a - a +0 robe (worn)
Wands
 i - a wand of random effects (21)
Scrolls
 d - a scroll of magic mapping {unknown}
 e - 3 scrolls of identify {unknown}
 f - a scroll of teleportation {unknown}
 h - a scroll of noise {unknown}
 k - 2 scrolls of remove curse {unknown}
Potions
 j - a potion of curing
Comestibles
 b - 7 chunks of flesh
 c - 8 rations


   Skills:
 - Level 1.7 Dodging
 - Level 1.7 Stealth
 + Level 3.2 Spellcasting
 + Level 2.7 Conjurations
 + Level 3.6 Fire Magic


You had one spell level left.
You knew the following spells:

 Your Spells              Type           Power        Failure   Level  Hunger
a - Flame Tongue          Conj/Fire      ##...        4%          1    None
b - Conjure Flame         Conj/Fire      ##......     14%         3    ###....
c - Sticky Flame          Conj/Fire      ##......     41%         4    ####...

Your spell library contained the following spells:

 Spells                   Type           Power        Failure   Level  Hunger
 Throw Flame              Conj/Fire      ##....       7%          2    ##.....
 Inner Flame              Hex/Fire       #.......     24%         3    ###....
 Fireball                 Conj/Fire      ##........   77%         5    ######.


Dungeon Overview and Level Annotations

Branches:
Dungeon (2/15)

Altars:


Innate Abilities, Weirdness & Mutations

Your flesh is cold resistant. (rC+)
When seriously injured, your bleeding wounds create armour. (AC +0)


Message History

Press: ? - help, Shift-Dir - straight line, f/p - adder
Aim: an adder (moderately wounded)
The flame tongue hits the adder.
You kill the adder!
You feel sick.
Casting: Flame Tongue (safe; 4% risk of failure)
Confirm with . or Enter, or press ? or * to list all spells.
You can't see any susceptible monsters within range! (Use Z to cast anyway.) Unknown command.
Casting: Flame Tongue (safe; 4% risk of failure)
Confirm with . or Enter, or press ? or * to list all spells.
You can't see any susceptible monsters within range! (Use Z to cast anyway.) Unknown command.
You feel sick.
You feel sick.
A bat comes into view.
Found a scroll labeled YMEBOUFE HUIZU.
A bat is nearby!
A bat is nearby!
Are you sure you want to abandon this character and quit the game? (Confirm

#...# ###.###.### ######## #...#
#...#...... .......# #...#
#.###.#..## .......####
#####...###...#....#.
...........................<..##.
.........### ####...#####.#.####.
...###...# .####.........#.# #.
#### #...# .##.........##### ## #
#...# [##.@##.##..'.....### #
#...# .##.#.### #.#.#.#.#.# #
#.### .##. #.. .# .#.#.#.
######.#####.##. ..b# ..#.#.#.#
.#.........#.##. ..# .#.#.#†#.
...#######...##. ##.#...#.#.#.#
..###.⌠.###..##. #...#.#.#.#.
..##.....##).### ....#.#.#.#
..#.......#..# ##.#.#.#.


You could see a bat (sleeping).

Vanquished Creatures
  2 orc priests (D:2)
  2 adders (D:2)
  A worm (D:2)
  A dart slug (D:1)
  A leopard gecko (D:2)
  4 orcs (D:2)
  3 giant cockroaches (D:1)
  4 goblins
  6 hobgoblins
  2 kobolds (D:2)
  A quokka (D:2)
  2 ball pythons (D:2)
  6 bats
  4 frilled lizards
  7 rats
46 creatures vanquished.

Notes
Turn   | Place    | Note
-------+----------+-------------------------------------------
     0 | D:1      | Dfrag the Demonspawn Fire Elementalist began the quest for
                  | the Orb.
     0 | D:1      | Reached XP level 1. HP: 13/13 MP: 3/3
    66 | D:1      | Gained mutation: Your flesh is cold resistant. (rC+)
                  | [demonic ancestry]
    66 | D:1      | Reached XP level 2. HP: 9/19 MP: 0/5
   478 | D:2      | Reached XP level 3. HP: 10/24 MP: 3/6
   484 | D:2      | Gained mutation: When seriously injured, your bleeding
                  | wounds create armour. (AC +0) [demonic ancestry]
   484 | D:2      | Reached XP level 4. HP: 11/30 MP: 3/8
   714 | D:2      | Learned a level 3 spell: Conjure Flame
   719 | D:2      | Learned a level 4 spell: Sticky Flame
   940 | D:2      | Quit the game

Vault maps used:
D:1:      roderic_dead_forest
D:2:      cheibrodos_pilgrimage, minivault_23, hex_medium, minmay_heptomino_d4

Skill      XL: |  1  2  3 |
---------------+----------+-----
Fire Magic     | 3 |  3.6
Conjurations   | 2 |  2.7
Spellcasting   | 3 |  3.2
Dodging        | |  1.7
Stealth        | |  1.7

Action                   |  1- 3 |  4- 6 || total
-------------------------+-------+-------++-------
Melee: Unarmed           |    19 |       ||    19
       Dagger            |     8 |     6 ||    14
 Cast: Flame Tongue      |    28 |    35 ||    63
Evoke: Wand              |     5 |     1 ||     6
  Use: Potion            |     2 |       ||     2
Armor: Robe              |    14 |     1 ||    15
       Skin              |     4 |     8 ||    12
Dodge: Dodged            |    28 |    11 ||    39

Table legend:
 A = Non-vault XP
 B = Vault XP
 C = Vault XP percentage of total XP
 D = Non-vault monster count
 E = Vault monster count
 F = Vault count percentage of total count
                 A         B        C        D         E       F
            +---------+---------+-------+---------+---------+-------
      Total |      78 |     110 |  58.5 |      39 |       7 |  15.2
            +---------+---------+-------+---------+---------+-------
        D:1 |      25 |       0 |   0.0 |      15 |       0 |   0.0
        D:2 |      53 |     110 |  67.5 |      24 |       7 |  22.6
            +---------+---------+-------+---------+---------+-------
